Map: Rosebud LE

Players

Throwfordays

  • Race: Protoss Protoss
  • League: Silver
  • Spawn Location: 5:00

Cthulhu

  • Race: Zerg Zerg
  • Spawn Location: 5:00

Faust

  • Race: Zerg Zerg
  • League: Diamond
  • Spawn Location: 5:00

Arjet - Winner!

  • Race: Protoss Protoss
  • Spawn Location: 11:00

Deadpack - Winner!

  • Race: Zerg Zerg
  • League: Gold
  • Spawn Location: 11:00

Vuaarios - Winner!

  • Race: Zerg Zerg
  • Spawn Location: 11:00

VOD

Have the link to the VOD?

Description

Time

  • Played on: April 3, 2019, 11:03 p.m.
  • Length: 16:30
Show
View Real Time Build Order
Export as new Build Order

Throwfordays Protoss 

Build Orders:  

Get SALT Encoding   

  12  0:03  Probe  
  13  0:15  Probe  
  14  0:22  Pylon  
  14  0:23  Probe  
  15  0:36  Probe  
  15  0:41  Gateway  
  16  0:48  Probe  
  17  0:51  Assimilator  
  17  1:00  Probe  
  18  1:13  Probe  
  19  1:27  Probe  
  20  1:44  Assimilator  
  20  1:50  Probe  
  21  1:55  Cybernetics Core  
  21  1:56  Nexus  
  21  2:02  Pylon, Probe  
  22  2:11  Warp Gate  
  22  2:15  Probe  
  23  2:22  Gateway  
  23  2:27  Probe  
  24  2:35  Robotics Facility  
  24  2:43  Gateway  
  24  2:49  Probe  
  25  2:57  Forge  
  25  3:01  Probe  
  25  3:05  Probe  
  27  3:16  Probe  
  27  3:18  Probe  
  27  3:19  Gateway  
  29  3:28  Probe  
  29  3:30  Probe  
  31  3:36  Gateway  
  31  3:44  Stalker  
  31  3:47  Adept  
  35  3:57  Protoss Ground Weapons Level 1  
  35  3:59  Probe  
  37  4:02  Probe  
  37  4:08  Pylon  
  37  4:11  Probe  
  37  4:15  Probe  
  37  4:16  Pylon  
  39  4:24  Probe  
  40  4:27  Probe  
  40  4:30  Immortal  
  45  4:34  Adept  
  45  4:36  Probe  
  45  4:37  Adept  
  50  4:46  Adept  
  50  4:47  Adept  
  50  4:49  Sentry  
  56  4:55  Assimilator  
  56  4:56  Probe  
  56  4:59  Assimilator  
  57  5:03  Probe  
  58  5:09  Probe  
  58  5:13  Warp Prism  
  61  5:15  Probe  
  61  5:17  Pylon  
  62  5:31  Pylon  
  62  5:32  Pylon  
  62  5:34  Pylon  
  64  5:35  Probe x2  
  64  5:37  Pylon  
  64  5:47  Probe  
  64  5:49  Twilight Council, Forge  
  65  6:00  Probe  
  65  6:04  Stalker x2  
  68  6:05  Stalker  
  68  6:06  Stalker  
  68  6:07  Stalker  
  74  6:31  Immortal  
  78  6:34  Pylon  
  78  6:36  Pylon  
  78  6:44  Stalker x4  
  86  7:00  Protoss Ground Weapons Level 2, Protoss Ground Armor Level 1  
  86  7:03  Blink  
  86  7:17  Nexus  
  86  7:28  Immortal  
  90  7:35  Probe  
  91  7:41  Pylon  
  91  7:44  Pylon  
  91  8:14  Stalker x4  
  91  8:18  Immortal  
  103  8:24  Robotics Facility  
  103  8:26  Robotics Facility  
  103  8:28  Robotics Facility  
  103  8:32  Probe  
  103  8:35  Probe  
  103  8:37  Robotics Bay  
  103  8:40  Probe  
  105  8:43  Probe  
  105  8:45  Probe  
  105  8:48  Assimilator  
  108  8:50  Probe  
  108  8:52  Assimilator  
  108  8:53  Probe  
  109  8:57  Probe  
  109  9:00  Immortal  
  109  9:02  Probe  
  116  9:04  Charge  
  116  9:05  Probe  
  116  9:09  Probe  
  118  9:14  Probe  
  119  9:17  Probe  
  119  9:18  Zealot x3  
  119  9:19  Zealot  
  119  9:21  Probe  
  129  9:33  Probe  
  122  9:53  Probe  
  122  9:58  Nexus  
  123  10:01  Assimilator  
  123  10:03  Assimilator  
  123  10:06  Pylon  
  123  10:09  Pylon  
  123  10:10  Stalker x3  
  123  10:11  Stalker  
  131  10:15  Protoss Ground Weapons Level 3, Protoss Ground Armor Level 2  
  131  10:17  Colossus  
  131  10:21  Colossus  
  143  10:36  Stalker x4  
  122  10:56  Probe  
  113  11:04  Probe  
  113  11:06  Stalker  
  113  11:07  Stalker x3  
  122  11:12  Immortal  
  122  11:14  Probe  
  127  11:26  Probe  
  128  11:36  Stalker x4  
  128  11:39  Probe, Immortal  
  141  12:07  Probe  
  142  12:19  Probe  
  133  12:32  Probe  
  120  12:49  Colossus x2  
  132  12:52  Immortal  
  132  12:54  Immortal  
  132  12:58  Stalker x4  
  142  13:01  Probe  
  149  13:09  Probe  
  149  13:10  Probe  
  150  13:19  Probe  
  151  13:22  Probe  
  153  13:31  Stalker x4, Probe  
  141  13:34  Probe  
  127  13:43  Probe  
  127  13:46  Probe  
  110  13:54  Stalker x4  
  111  13:58  Probe  
  89  14:30  Extended Thermal Lance  
  89  14:33  Colossus  
  89  14:35  Colossus x3  
  89  14:37  Stalker x3  
  115  14:48  Nexus  
  115  14:49  Pylon  
  115  14:55  Pylon  
  115  14:58  Probe  
  116  15:02  Probe  
  116  15:05  Probe  
  118  15:09  Gateway  
  118  15:10  Probe  
  118  15:13  Gateway  
  119  15:14  Probe  
  119  15:17  Assimilator, Probe  
  119  15:20  Assimilator  
  121  15:22  Probe  
  121  15:24  Pylon  
  121  15:26  Probe  
  123  15:29  Probe  
  123  15:34  Probe  
  124  15:38  Probe  
  124  15:42  Probe  
  112  15:47  Probe  
  105  15:50  Probe  
  105  15:54  Probe  
Show
View Real Time Build Order
Export as new Build Order

Cthulhu Zerg 

Build Orders: Hatch First 

Get SALT Encoding   

  12  0:01  Drone  
  13  0:09  Drone  
  14  0:17  Extractor, Drone  
  15  0:23  Overlord  
  15  0:43  Drone x2  
  17  0:54  Drone  
  18  1:00  Drone  
  18  1:04  Hatchery  
  18  1:10  Extractor  
  17  1:20  Spawning Pool  
  17  1:24  Drone  
  17  1:41  Drone x3  
  20  1:52  Extractor  
  20  1:53  Drone  
  20  2:03  Drone  
  21  2:18  Lair  
  21  2:19  Drone x2  
  23  2:28  Drone  
  24  2:32  Zergling x2  
  25  2:38  Drone x2  
  27  2:46  Metabolic Boost  
  27  2:54  Evolution Chamber  
  27  2:57  Queen  
  28  2:59  Overlord  
  28  3:08  Extractor  
  28  3:09  Drone  
  28  3:23  Zergling x12  
  34  3:29  Zerg Ground Armor Level 1  
  34  3:42  Spine Crawler  
  34  3:44  Spine Crawler  
  34  3:46  Spine Crawler  
  34  3:48  Drone  
  32  3:49  Drone x3  
  35  4:01  Hydralisk Den  
  35  4:02  Drone x2  
  36  4:40  Overlord x2  
  36  4:41  Overlord  
  36  4:47  Muscular Augments  
  36  5:00  Lurker Den  
  36  5:04  Pneumatized Carapace  
  35  5:34  Drone  
  35  5:35  Drone x8  
  38  5:58  Drone, Hydralisk x3  
  45  6:16  Drone x2  
  47  6:18  Grooved Spines  
  47  6:19  Zerg Missile Weapons Level 1  
  47  6:21  Drone  
  48  6:28  Hydralisk x2  
  52  6:49  Hydralisk x4  
  60  7:14  Overlord  
  60  7:15  Overlord x2  
  60  7:27  Evolution Chamber  
  59  7:32  Hydralisk x5  
  69  8:06  Hydralisk x5  
  69  8:07  Hydralisk x2  
  83  8:15  Extractor  
  82  8:23  Drone x2, Overlord  
  84  8:30  Hatchery  
  84  8:33  Zerg Ground Armor Level 2, Zerg Missile Weapons Level 2  
  83  8:35  Queen, Hatchery  
  83  8:40  Infestation Pit  
  83  8:43  Burrow  
  83  8:46  Hatchery  
  83  9:04  Hatchery  
  82  9:28  Hydralisk x2  
  82  9:29  Hydralisk x9  
  92  10:03  Drone  
  92  10:05  Drone  
  92  10:06  Drone x4  
  98  10:19  Overlord x3  
  98  10:20  Overlord x4  
  82  11:09  Overseer  
  82  11:15  Lurker  
  82  11:16  Lurker  
  82  11:17  Drone  
  82  11:18  Drone x8  
  77  12:12  Spire  
  50  12:33  Hydralisk  
  50  12:34  Hydralisk x4  
  50  12:35  Hydralisk  
  62  12:38  Queen x2  
  66  12:51  Hydralisk x2  
  57  13:44  Hydralisk x5  
  57  13:45  Hydralisk  
  69  13:54  Hive  
  69  14:02  Spore Crawler  
  68  14:04  Spore Crawler, Overlord x2  
  64  14:25  Overseer  
  64  14:28  Drone  
  64  14:29  Drone x6  
  71  14:43  Extractor  
  70  14:50  Extractor  
  49  15:35  Drone  
  49  15:39  Drone  
  49  15:41  Hydralisk  
  49  15:42  Mutalisk x4  
  52  15:43  Mutalisk  
  60  15:56  Hatchery  
  60  16:11  Lurker  
Show
View Real Time Build Order
Export as new Build Order

Faust Zerg 

Build Orders: Hatch First, Swarm Host 

Get SALT Encoding   

  12  0:01  Drone  
  13  0:08  Drone  
  14  0:15  Extractor  
  14  0:16  Drone  
  15  0:23  Overlord  
  15  0:42  Drone x2  
  17  0:55  Hatchery  
  16  0:57  Drone  
  16  1:01  Extractor  
  16  1:03  Drone  
  17  1:17  Spawning Pool  
  16  1:21  Drone  
  16  1:24  Drone  
  18  1:27  Drone  
  19  1:38  Overlord  
  19  2:04  Queen  
  19  2:07  Queen, Metabolic Boost  
  23  2:13  Drone x3  
  26  2:15  Drone  
  26  2:19  Drone  
  28  2:24  Drone  
  28  2:29  Overlord  
  29  2:36  Drone  
  30  2:39  Baneling Nest  
  30  2:40  Drone  
  30  2:46  Drone  
  31  2:53  Overlord  
  31  3:03  Lair  
  31  3:04  Drone  
  32  3:17  Hatchery  
  32  3:19  Drone x2  
  34  3:20  Drone  
  34  3:22  Drone  
  35  3:39  Drone x3  
  35  3:40  Zergling x6  
  41  3:51  Drone, Overlord  
  41  3:52  Extractor  
  41  4:00  Extractor  
  41  4:01  Extractor, Zergling x6, Overlord  
  42  4:07  Baneling x2  
  42  4:13  Baneling x2  
  42  4:17  Drone x3  
  44  4:18  Drone  
  44  4:21  Drone  
  47  4:25  Drone  
  47  4:29  Infestation Pit  
  47  4:31  Queen  
  47  4:32  Drone  
  47  4:33  Drone x6  
  47  4:37  Overlord  
  56  4:52  Drone x3  
  59  4:54  Overlord  
  59  5:00  Nydus Network  
  59  5:02  Spore Crawler  
  59  5:07  Spore Crawler, Drone x5  
  61  5:15  Drone x3  
  61  5:16  Drone x2  
  66  5:21  Drone, Hydralisk Den  
  66  5:22  Drone  
  66  5:23  Drone  
  68  5:29  Swarm Host x2  
  68  5:32  Overlord  
  68  5:34  Swarm Host  
  77  5:39  Swarm Host  
  79  5:51  Swarm Host  
  82  5:59  Evolution Chamber, Swarm Host  
  82  6:01  Evolution Chamber  
  83  6:05  Drone x3  
  83  6:06  Extractor x2, Drone x3, Overlord x2  
  83  6:07  Overlord  
  83  6:08  Zergling x4  
  89  6:33  Drone x3  
  89  6:34  Drone  
  89  6:36  Drone x2  
  95  6:47  Overseer  
  95  6:53  Lurker Den, Zerg Ground Armor Level 1, Zerg Missile Weapons Level 1  
  94  6:56  Swarm Host  
  97  7:02  Spore Crawler  
  96  7:35  Nydus Canal  
  96  7:45  Swarm Host  
  96  7:46  Swarm Host x4  
  102  8:11  Swarm Host x2  
  102  8:12  Swarm Host x2  
  114  8:36  Pneumatized Carapace, Hive  
  114  8:37  Burrow  
  114  8:55  Nydus Canal  
  114  9:06  Nydus Canal  
  114  9:13  Overlord x5  
  114  9:14  Overlord x3  
  114  9:38  Hydralisk x8  
  114  9:39  Hydralisk x13  
  156  10:10  Zerg Ground Armor Level 2, Zerg Missile Weapons Level 2  
  156  11:06  Overlord  
  156  11:07  Overlord x3  
  156  11:21  Adrenal Glands  
  156  11:22  Adaptive Talons  
  156  11:24  Spire  
  97  12:36  Zergling x22  
  97  12:37  Zergling x48  
  115  12:45  Zerg Missile Weapons Level 3  
  115  12:46  Zerg Ground Armor Level 3  
  115  12:47  Greater Spire  
  79  13:06  Baneling  
  79  13:07  Baneling x20  
  79  13:08  Baneling x3  
  79  13:11  Centrifical Hooks  
  43  13:30  Zergling x12  
  43  13:31  Zergling x6  
  50  13:43  Corruptor x2  
  50  13:44  Corruptor  
  50  13:45  Corruptor x2  
  50  13:46  Corruptor x2  
  64  14:02  Extractor  
  64  14:04  Extractor, Hatchery  
  58  14:37  Drone x4  
  58  14:38  Drone x2  
  58  14:40  Brood Lord x3  
  58  14:44  Zergling x2  
  58  14:45  Zergling x8  
  69  14:55  Hatchery  
  69  14:57  Brood Lord  
  69  14:59  Hatchery  
  69  15:06  Zergling x2  
  72  15:07  Zergling x12  
  67  15:27  Zergling x2  
  67  15:28  Zergling x6  
  69  15:31  Brood Lord  
Show
View Real Time Build Order
Export as new Build Order

Arjet Protoss - Winner!

Build Orders:  

Get SALT Encoding   

  1  0:00  Probe  
  13  0:17  Pylon  
  13  0:19  Probe  
  14  0:31  Probe  
  15  0:42  Gateway  
  15  0:45  Probe  
  16  1:13  Gateway  
  16  1:15  Gateway  
  16  1:20  Pylon  
  16  1:25  Probe  
  16  1:26  Forge  
  17  1:33  Probe  
  17  1:34  Zealot  
  20  1:42  Assimilator  
  20  1:48  Pylon  
  20  2:16  Zealot x2  
  24  2:23  Probe  
  24  2:28  Assimilator  
  25  2:31  Probe  
  26  2:42  Probe  
  26  2:49  Photon Cannon  
  27  2:54  Probe  
  28  3:15  Protoss Ground Armor Level 1  
  28  3:41  Nexus  
  28  3:44  Pylon  
  28  4:04  Cybernetics Core  
  28  4:05  Pylon  
  28  4:12  Photon Cannon  
  28  4:16  Gateway  
  28  4:48  Pylon  
  28  5:05  Zealot, Stalker  
  28  5:06  Stalker x2  
  36  5:08  Warp Gate  
  36  5:13  Gateway  
  36  5:17  Twilight Council  
  36  5:18  Stargate  
  36  5:22  Pylon, Probe  
  36  5:28  Probe  
  37  5:30  Probe  
  39  5:36  Probe  
  39  5:40  Probe  
  41  5:45  Probe  
  42  5:52  Probe  
  43  5:57  Probe  
  44  6:04  Photon Cannon, Probe  
  44  6:05  Photon Cannon  
  44  6:08  Photon Cannon  
  45  6:11  Pylon  
  45  6:15  Probe  
  45  6:17  Pylon  
  46  6:19  Pylon  
  46  6:23  Probe  
  46  6:31  Protoss Shields Level 1, Probe  
  47  6:39  Void Ray  
  52  6:43  Probe  
  53  6:55  Probe  
  53  7:00  Shield Battery  
  54  7:06  Pylon  
  54  7:07  Probe  
  55  7:10  Assimilator  
  55  7:22  Stalker x2  
  57  7:23  Stalker x3  
  65  7:51  Assimilator  
  65  8:03  Stalker x2  
  65  8:04  Stalker x3  
  75  8:09  Blink  
  75  8:48  Stargate  
  75  8:55  Stargate  
  75  9:07  Nexus, Pylon  
  71  9:32  Photon Cannon, Probe  
  70  9:40  Photon Cannon, Probe  
  70  9:42  Probe  
  71  9:48  Probe  
  71  9:50  Probe  
  73  9:59  Probe  
  74  10:00  Probe  
  76  10:11  Probe  
  76  10:12  Protoss Ground Armor Level 2, Probe  
  76  10:13  Pylon, Void Ray  
  82  10:14  Void Ray  
  82  10:15  Void Ray  
  82  10:17  Stalker  
  82  10:19  Probe  
  92  10:27  Probe  
  94  10:37  Probe  
  95  10:49  Probe  
  96  11:01  Probe  
  97  11:11  Void Ray x3  
  101  11:14  Stalker x2  
  101  11:16  Zealot  
  101  11:17  Zealot x2  
  119  11:21  Probe  
  120  11:29  Probe  
  120  11:30  Assimilator  
  120  11:34  Pylon  
  120  11:39  Probe  
  94  12:45  Stalker x2  
  94  12:46  Stalker x3  
  94  12:49  Void Ray  
  94  12:50  Void Ray  
  94  12:51  Void Ray  
  116  12:54  Protoss Ground Weapons Level 1  
  116  13:07  Pylon  
  116  13:10  Pylon  
  116  13:14  Pylon  
  116  13:16  Photon Cannon  
  116  13:20  Photon Cannon  
  110  13:52  Stalker x4  
  110  13:53  Stalker  
  120  13:55  Gateway  
  120  13:58  Gateway  
  120  14:01  Gateway  
  82  14:32  Stalker x3  
  82  14:33  Stalker x2  
  90  14:55  Assimilator  
  90  15:01  Stalker x6  
  90  15:02  Stalker x2  
  106  15:07  Void Ray  
  106  15:08  Void Ray x2  
Show
View Real Time Build Order
Export as new Build Order

Deadpack Zerg - Winner!

Build Orders: Hatch First, Swarm Host 

Get SALT Encoding   

  12  0:02  Drone  
  13  0:12  Drone  
  14  0:21  Overlord  
  14  0:25  Extractor  
  13  0:47  Drone x3  
  16  1:00  Hatchery  
  16  1:04  Drone  
  16  1:20  Spawning Pool  
  16  1:22  Drone  
  16  1:41  Drone x3  
  19  1:59  Overlord  
  19  2:09  Metabolic Boost  
  19  2:13  Queen x2  
  19  2:15  Zergling x2  
  24  2:19  Zergling x2  
  24  2:22  Zergling x2  
  26  2:35  Zergling x2  
  26  2:36  Zergling x4  
  29  2:50  Roach Warren  
  28  2:59  Drone x5  
  33  3:11  Lair  
  33  3:18  Drone  
  33  3:19  Drone  
  35  3:39  Drone  
  36  3:42  Overlord x2  
  36  3:59  Overlord x2  
  36  4:01  Drone  
  36  4:02  Drone x8  
  45  4:07  Extractor  
  40  4:51  Glial Reconstitution  
  40  4:55  Drone x2  
  40  4:56  Drone  
  40  4:57  Roach  
  40  4:58  Roach x7  
  59  5:09  Evolution Chamber  
  59  5:10  Drone  
  59  5:11  Drone  
  60  5:18  Extractor  
  60  5:20  Extractor  
  58  5:34  Pneumatized Carapace  
  58  5:37  Overseer  
  58  5:40  Hatchery  
  58  5:41  Drone  
  58  5:42  Drone x2  
  60  5:43  Drone x3  
  60  5:49  Zerg Missile Weapons Level 1  
  63  5:50  Roach  
  63  5:51  Roach  
  63  5:53  Overlord x2  
  63  5:54  Overlord  
  65  6:33  Zergling x2  
  65  6:34  Zergling x20  
  75  7:07  Roach x6  
  87  7:31  Infestation Pit  
  87  7:34  Nydus Network  
  85  7:44  Zerg Ground Armor Level 1  
  75  8:34  Queen  
  77  8:43  Overseer  
  77  9:03  Swarm Host x6  
  77  9:04  Swarm Host  
  77  9:06  Overlord x5  
  98  9:35  Swarm Host  
  98  9:36  Swarm Host x11  
  134  9:47  Queen  
  134  9:49  Drone x2  
  138  10:01  Zerg Missile Weapons Level 2  
  138  10:20  Nydus Canal  
  138  10:28  Overlord x2  
  138  10:29  Overlord x4  
  135  11:05  Nydus Canal  
  135  11:15  Nydus Canal  
  135  11:29  Nydus Canal  
  135  11:38  Roach  
  135  11:39  Roach x10  
  157  11:54  Nydus Canal  
  157  12:06  Overlord x4  
  157  12:13  Spire  
  156  12:17  Zerg Ground Armor Level 2  
  137  12:48  Roach x14  
  137  12:49  Roach  
  103  13:55  Mutalisk  
  74  13:56  Mutalisk x10  
  68  14:42  Mutalisk x5  
  78  14:47  Zergling x2  
  78  14:48  Zergling x4  
  78  14:50  Queen  
  83  15:22  Hatchery  
Show
View Real Time Build Order
Export as new Build Order

Vuaarios Zerg - Winner!

Build Orders: Hatch First, Lurkers, Roach Hydra 

Get SALT Encoding   

  12  0:01  Drone  
  13  0:08  Drone  
  14  0:17  Overlord  
  14  0:36  Drone x3  
  17  0:54  Drone  
  18  1:00  Hatchery  
  17  1:11  Spawning Pool  
  17  1:13  Extractor  
  17  1:15  Drone  
  16  1:21  Drone  
  16  1:24  Drone  
  18  1:30  Drone  
  19  1:44  Overlord  
  19  1:55  Drone  
  19  1:58  Queen  
  22  2:03  Drone  
  23  2:12  Queen, Drone  
  23  2:14  Metabolic Boost  
  26  2:19  Drone  
  27  2:27  Zergling x2  
  27  2:28  Drone  
  29  2:34  Drone x2  
  29  2:36  Queen  
  33  2:44  Overlord  
  33  2:57  Queen  
  35  2:59  Zergling x2  
  36  3:09  Zergling x2, Overlord  
  36  3:10  Zergling x8  
  41  3:22  Drone  
  41  3:23  Drone x2  
  44  3:40  Hatchery  
  43  3:44  Drone x6  
  43  3:47  Extractor  
  48  3:49  Drone  
  48  3:50  Drone x2  
  51  4:10  Drone  
  52  4:25  Overlord x2  
  52  4:50  Drone  
  52  4:51  Drone x5  
  58  4:52  Extractor  
  58  4:53  Lair, Extractor  
  58  4:59  Roach Warren, Evolution Chamber, Drone x7  
  61  5:07  Evolution Chamber  
  61  5:09  Drone  
  61  5:15  Drone x2  
  61  5:17  Drone x2  
  61  5:19  Drone  
  61  5:20  Drone x3  
  69  5:27  Zerg Missile Weapons Level 1  
  68  5:47  Drone  
  66  5:56  Zerg Ground Armor Level 1, Glial Reconstitution  
  66  6:00  Hydralisk Den  
  65  6:07  Drone  
  65  6:08  Drone x4  
  70  6:11  Drone  
  70  6:12  Drone x2  
  70  6:13  Overlord  
  70  6:14  Extractor, Overlord x5  
  70  6:15  Extractor  
  71  6:20  Drone  
  72  6:27  Pneumatized Carapace  
  72  6:29  Burrow  
  72  6:39  Drone x3  
  75  6:46  Infestation Pit  
  76  6:47  Roach x6  
  76  6:48  Roach x6  
  98  7:12  Hatchery  
  97  7:24  Muscular Augments  
  97  7:27  Zerg Missile Weapons Level 2  
  97  7:28  Hydralisk  
  97  7:29  Hydralisk x7  
  113  7:30  Overlord  
  113  7:31  Overlord x7  
  113  7:38  Lurker Den  
  113  7:58  Drone x2  
  113  7:59  Drone  
  113  8:03  Spore Crawler  
  113  8:04  Hydralisk  
  113  8:05  Hydralisk x11  
  118  8:09  Hive  
  138  8:21  Drone x5  
  143  8:54  Extractor  
  142  8:57  Extractor  
  138  9:08  Roach x9  
  138  9:09  Roach x13  
  181  9:21  Drone x3  
  184  9:31  Zerg Ground Armor Level 2, Adaptive Talons  
  182  9:33  Grooved Spines  
  182  9:41  Lurker x2  
  182  9:43  Overlord x6  
  176  10:21  Overseer x4  
  166  10:51  Hydralisk  
  166  10:52  Hydralisk x18  
  166  10:53  Hydralisk  
  200  11:50  Hatchery  
  183  12:47  Spore Crawler  
  183  12:51  Spine Crawler  
  177  13:12  Zerg Ground Armor Level 3, Zerg Missile Weapons Level 3  
  177  13:17  Ultralisk Cavern  
  90  13:48  Overlord  
  90  13:49  Overlord x15  
  90  13:50  Overlord x6  
  90  13:52  Overseer x4  
  92  14:10  Roach x11  
  92  14:11  Roach x25  
  92  14:14  Anabolic Synthesis  
  162  14:28  Roach x5  
  172  14:34  Queen  
  172  14:38  Hydralisk  
  174  14:39  Hydralisk x8  
  174  14:43  Lurker  
  174  14:44  Lurker x5  
  198  14:57  Chitinous Plating  
  196  15:17  Hydralisk  
  196  15:18  Hydralisk  
  195  15:41  Hydralisk  
  195  15:42  Hydralisk x4  
Tags
 
Add a new tag
Caveats
  • Supply blocks, unpowered buildings, or Contaminate may cause inaccurate times.
  • Supply counts are checked every 10 seconds.